 Dungeon Crawl Stone Soup version 0.20-a0 (webtiles) character file.

3056 Gruud the Quickloader (level 9, -5/61 HPs)
             Began as a Demonspawn Hunter on Oct 27, 2016.
             Was an Initiate of Okawaru.
             Slain by a killer bee (6 damage)
             ... on level 7 of the Dungeon.
             The game lasted 00:26:10 (7351 turns).

Gruud the Quickloader (Demonspawn Hunter)           Turns: 7351, Time: 00:26:11

Health: -5/61      AC: 15    Str: 14    XL:     9   Next: 57%
Magic:  9/9        EV: 10    Int: 12    God:    Okawaru [......]
Gold:   404        SH:  0    Dex: 16    Spells: 3 memorised, 5 levels left

rFire  . . .     SeeInvis .     a - +1 hand crossbow
rCold  + + .     Gourm    .     v - +1 scale mail {rC+}
rNeg   . . .     Faith    +     (no shield)
rPois  .         Spirit   .     (helmet restricted)
rElec  .         Reflect  .     q - +1 cloak
rCorr  .         Harm     .     (no gloves)
MR     .....                    (no boots)
Stlth  ++........               K - amulet of faith
                                B - +3 ring of protection
                                o - ring of protection from cold

@: very slightly contaminated, invisible
A: antennae 1, icy blue scales 1, nightstalker 2, rot immunity
a: Renounce Religion


You were on level 7 of the Dungeon.
You worshipped Okawaru.
Okawaru was noncommittal.
You were hungry.

You visited 2 branches of the dungeon, and saw 9 of its levels.

You collected 404 gold pieces.

Inventory:

Hand Weapons
 a - a +1 hand crossbow (weapon)
 b - a +2 spear of piercing
 i - a +0 glaive
 s - a +0 great mace
 u - a +0 dagger of venom
 w - a +1 short sword of draining
 L - a +0 battleaxe
Missiles
 d - 7 bolts (quivered)
Armour
 j - a +2 robe of magic resistance
 p - a +0 shield
 q - a +1 cloak (worn)
 v - a +1 scale mail of cold resistance (worn)
Jewellery
 o - a ring of protection from cold (left hand)
 B - a +3 ring of protection (right hand)
 G - an uncursed amulet of rage
 K - an amulet of faith (around neck)
Wands
 y - a wand of random effects (21/48)
 H - a wand of disintegration (2/24)
 I - a wand of acid (8/15)
Scrolls
 e - 2 scrolls of remove curse
 m - 3 scrolls of teleportation
 t - 2 scrolls of enchant weapon
 x - a scroll of blinking
 C - a scroll of enchant armour
 F - a scroll of magic mapping {unknown}
Potions
 c - a potion of invisibility
 l - 2 potions of brilliance
 n - 3 potions of flight
 r - 2 potions of degeneration {unknown}
 D - a potion of magic {unknown}
 E - a potion of agility {unknown}
 J - 2 potions of might {unknown}
Books
 g - a book of Frost

   Spells                             Type                      Level
   a - Freeze                         Ice                          1
   b - Throw Frost                    Conjuration/Ice              2
   c - Ozocubu's Armour               Charms/Ice                   3
   d - Throw Icicle                   Conjuration/Ice              4
   e - Summon Ice Beast               Ice/Summoning                4
Comestibles
 f - 5 bread rations
 k - 2 slices of pizza
 z - a meat ration
 A - 8 fruits


   Skills:
 - Level 2.0 Fighting
 * Level 11.0 Crossbows
 + Level 6.3 Armour
 - Level 1.7 Dodging
 - Level 0.8 Stealth


You had 5 spell levels left.
You knew the following spells:

 Your Spells              Type           Power        Failure   Level  Hunger
a - Apportation           Tloc           #.........   94%         1    ##.....
b - Animate Skeleton      Necr           N/A          94%         1    ##.....
c - Summon Small Mammal   Summ           #...         94%         1    ##.....


Dungeon Overview and Level Annotations

Branches:
Dungeon (8/15)             Temple (1/1) D:7
   Lair: D:8-11

Altars:
Ashenzari
Cheibriados
Elyvilon
Fedhas
Gozag
Hepliaklqana
Kikubaaqudgha
Makhleb
Nemelex Xobeh
Okawaru
Qazlal
Ru
Sif Muna
Trog
Uskayaw
Vehumet
Xom
Yredelemnul
Zin
The Shining One


Innate Abilities, Weirdness & Mutations

You have a pair of small antennae on your head.
You are partially covered in icy blue scales. (AC +2)
You are significantly more attuned to the shadows.
You are immune to rotting.


Message History

Aim: a killer bee (heavily wounded)
You shoot a bolt. The bolt hits the killer bee.
The killer bee is severely wounded.
The killer bee closely misses you. The killer bee barely misses you.
The killer bee closely misses you. The killer bee stings you.
* * * LOW HITPOINT WARNING * * *
Firing (i - inventory):
d - 9 bolts (quivered)
Press: ? - help, Shift-Dir - straight line, f/p - killer bee
Aim: a killer bee (severely wounded)
You shoot a bolt. The bolt closely misses the killer bee.
The killer bee barely misses you. The killer bee closely misses you. x2
The killer bee barely misses you.
Firing (i - inventory):
d - 8 bolts (quivered)
Press: ? - help, Shift-Dir - straight line, f/p - killer bee
Aim: a killer bee (severely wounded)
You shoot a bolt. The bolt closely misses the killer bee.
The killer bee stings you.
* * * LOW HITPOINT WARNING * * *
The killer bee stings you.
You die...

#..#..##### #.##.#
......# #.##.# ......#
#..#.# ......# ##[#.#
......########[#.#####
.............(.......#
....#.#########..###.#
....#.#........(y# #.#
......#.###..#.(@# #.#
..........#..#.#y# #.#
##......#.#..#.#.#
#.#######
#......#.#..#.#.#
#.......#
#.....##.#..#.#.#
#######.#
#.....##.#..#.#.# #.#
#.....##.#..#.#.# #.#
##.....##.#..#.#.# #.#
.......##.#..#.#.# #.#


You could see 2 killer bees.

Vanquished Creatures
  Prince Ribbit (D:7)
  Eustachio (D:4)
  Menkaure (D:5)
  An orc warrior (D:7)
  A black bear (D:6)
  An ice beast (D:7)
  3 ogres
  2 centaurs (D:7)
  A bullfrog (D:7)
  4 scorpions
  2 killer bees (D:7)
  3 wights (D:7)
  A howler monkey (D:6)
  4 crimson imps
  2 centaur zombies
  A jelly (D:6)
  A quasit (D:7)
  2 hounds
  A bullfrog skeleton (D:7)
  4 orc priests
  9 orc wizards
  Jessica (D:2)
  4 iguanas
  9 worker ants
  2 worker ant zombies (D:6)
  15 adders
  3 shadow imps
  An ooze (D:2)
  An adder zombie (D:5)
  A worm (D:3)
  4 dart slugs (D:1)
  6 leopard geckos
  22 orcs
  2 ball pythons
  8 bats
  6 giant cockroaches
  9 goblins
  10 hobgoblins
  17 jackals
  9 kobolds
  5 quokkas
  11 frilled lizards
  A quokka skeleton (D:4)
  7 rats
200 creatures vanquished.

Notes
Turn   | Place    | Note
-------+----------+-------------------------------------------
     0 | D:1      | Gruud the Demonspawn Hunter began the quest for the Orb.
     0 | D:1      | Reached XP level 1. HP: 16/16 MP: 1/1
    39 | D:1      | Reached skill level 4 in Crossbows
    42 | D:1      | Gained mutation: You have a pair of small antennae on your head. [demonic ancestry]
    42 | D:1      | Reached XP level 2. HP: 8/22 MP: 2/2
   393 | D:2      | Noticed Jessica
   395 | D:2      | Killed Jessica
   395 | D:2      | Gained mutation: You are partially covered in icy blue scales. (AC +2) [demonic ancestry]
   395 | D:2      | Reached XP level 3. HP: 24/27 MP: 3/3
   539 | D:1      | Reached skill level 5 in Crossbows
   583 | D:1      | Reached XP level 4. HP: 11/33 MP: 4/4
  1931 | D:2      | Found a burning altar of Makhleb.
  2060 | D:3      | Reached XP level 5. HP: 38/38 MP: 5/5
  2245 | D:3      | Reached skill level 1 in Armour
  2269 | D:3      | Found a blossoming altar of Fedhas.
  2388 | D:3      | HP: 1/38 [poisoned by an adder]
  2753 | D:3      | Found a white marble altar of Elyvilon.
  2842 | D:3      | Reached skill level 6 in Crossbows
  2920 | D:4      | HP: 1/38 [poisoned by a scorpion]
  3389 | D:4      | Found a shimmering altar of Xom.
  3389 | D:4      | Noticed an angel
  3392 | D:4      | Gained mutation: You are immune to rotting. [demonic ancestry]
  3392 | D:4      | Reached XP level 6. HP: 26/44 MP: 6/6
  3418 | D:4      | Found a glowing silver altar of Zin.
  3721 | D:4      | Reached skill level 7 in Crossbows
  3726 | D:4      | Found a snail-covered altar of Cheibriados.
  3828 | D:4      | Noticed Eustachio
  3859 | D:4      | Killed Eustachio
  3859 | D:4      | Gained mutation: You are slightly more attuned to the shadows. [demonic ancestry]
  3859 | D:4      | Reached XP level 7. HP: 50/50 MP: 7/7
  4169 | D:5      | Entered Level 5 of the Dungeon
  4586 | D:5      | Learned a level 1 spell: Apportation
  4588 | D:5      | Learned a level 1 spell: Animate Skeleton
  4590 | D:5      | Learned a level 1 spell: Summon Small Mammal
  4635 | D:5      | Noticed Sigmund
  4639 | D:5      | Noticed Sigmund
  4645 | D:5      | Killed Sigmund the iguana
  4712 | D:5      | Reached skill level 8 in Crossbows
  4805 | D:5      | Noticed Menkaure
  4810 | D:5      | Killed Menkaure
  4810 | D:5      | Gained mutation: You are significantly more attuned to the shadows. [demonic ancestry]
  4810 | D:5      | Reached XP level 8. HP: 43/56 MP: 8/8
  4902 | D:5      | Found an opulent altar of Gozag.
  5373 | D:6      | Reached skill level 9 in Crossbows
  5525 | D:6      | Reached skill level 5 in Armour
  5950 | D:7      | Noticed Prince Ribbit
  6168 | D:7      | Reached XP level 9. HP: 60/61 MP: 9/9
  6278 | D:7      | Reached skill level 10 in Crossbows
  6465 | D:7      | Killed Prince Ribbit
  6747 | D:7      | Found a staircase to the Ecumenical Temple.
  6764 | Temple   | Entered the Ecumenical Temple
  6818 | Temple   | Became a worshipper of Warmaster Okawaru
  7242 | D:7      | Found a sparkling altar of Nemelex Xobeh.
  7341 | D:7      | Reached skill level 11 in Crossbows
  7351 | D:7      | HP: 1/61 [killer bee (6)]
  7351 | D:7      | Slain by a killer bee

Vault maps used:
D:1:      dpeg_arrival_shelter, minmay_tromino_v4_c
D:2:      marbit_many_paths, uniq_jessica
D:3:      nicolae_overflow_crystal_walls, fedhas_altar_fruit_tree, first_bread
D:4:      grunt_temple_overflow_order_and_chaos_1, old_standard_altar,
          uniq_eustachio
D:5:      kennysheep_mini, uniq_sigmund, uniq_menkaure
D:7:      overflow_temple_1_default, uniq_prince_ribbit1
D:8:      old_standard_altar, grunt_lair_entry_orc_guard_hut,
          hangedman_pestilent_swarm, nicolae_ru_great_annihilating_truth
Temple:   nicolae_temple_hex_pool

Skill      XL: |  1  2  3  4  5  6  7  8  9 |
---------------+----------------------------+-----
Crossbows      | 4 5 6 7 8 9 11 | 11.0
Armour         | 1 3 5 6 |  6.3
Fighting       | |  2.0
Dodging        | |  1.7
Stealth        | |  0.8

Action                   |  1- 3 |  4- 6 |  7- 9 || total
-------------------------+-------+-------+-------++-------
Melee: Short sword       |    87 |    31 |       ||   118
       Spear             |       |   121 |    45 ||   166
 Fire: Hand crossbow     |     9 |   120 |   353 ||   482
Evoke: Wand              |       |       |     2 ||     2
  Use: Potion            |       |     3 |     3 ||     6
       Scroll            |       |     9 |     1 ||    10
 Stab: Sleeping          |       |     2 |     2 ||     4
  Eat: Chunk             |       |     9 |     9 ||    18
       Fruit             |       |       |     2 ||     2
Armor: Leather armour    |    22 |       |       ||    22
       Robe              |    13 |    12 |       ||    25
       Scale mail        |       |    54 |   121 ||   175
Dodge: Dodged            |    81 |    88 |   144 ||   313
